Map: Golden Wall LE

Players

RyuKey - Winner!

  • Race: Zerg Zerg
  • League: Diamond
  • Spawn Location: 5:00

Isotone

  • Race: Protoss Protoss
  • Spawn Location: 7:00

VOD

Have the link to the VOD?

Description

Time

  • Played on: June 12, 2020, 10:51 a.m.
  • Length: 11:38
Show
View Real Time Build Order
Export as new Build Order

RyuKey Zerg - Winner!

Build Orders: Hatch First 

Get SALT Encoding   

  12  0:02  Drone  
  13  0:13  Overlord  
  13  0:19  Drone  
  14  0:32  Drone x2  
  16  0:52  Hatchery  
  16  0:55  Drone  
  16  0:56  Drone  
  17  1:08  Extractor  
  16  1:12  Spawning Pool  
  16  1:15  Drone  
  16  1:18  Drone  
  16  1:21  Drone  
  18  1:31  Drone  
  19  1:41  Drone  
  20  1:51  Overlord  
  20  1:59  Queen  
  22  2:04  Queen  
  22  2:05  Zergling x4  
  26  2:16  Metabolic Boost  
  26  2:18  Drone x2  
  28  2:28  Drone x2  
  30  2:40  Queen  
  30  2:42  Queen  
  34  2:47  Drone x2  
  34  2:51  Overlord  
  36  2:55  Overlord  
  36  3:27  Drone x10  
  44  3:38  Lair  
  44  3:41  Drone x2  
  44  3:45  Extractor  
  44  3:46  Extractor  
  44  3:47  Extractor  
  43  3:50  Drone x2  
  45  4:07  Drone x6  
  51  4:29  Evolution Chamber  
  51  4:31  Hatchery, Evolution Chamber  
  48  4:53  Drone  
  48  4:56  Zerg Missile Weapons Level 1  
  48  4:57  Zerg Ground Armor Level 1  
  48  4:59  Overlord x3  
  49  5:13  Roach Warren  
  48  5:15  Hydralisk Den  
  48  5:16  Drone x2  
  48  5:18  Drone  
  50  5:26  Drone x11  
  61  5:40  Zergling x4  
  63  5:45  Drone x3  
  66  6:00  Grooved Spines  
  66  6:01  Glial Reconstitution  
  66  6:08  Roach x6  
  78  6:15  Overlord  
  78  6:16  Overlord x2  
  78  6:18  Roach x2  
  81  6:34  Spine Crawler  
  81  6:35  Spine Crawler  
  81  6:36  Spine Crawler x2  
  81  6:37  Spine Crawler, Roach x9  
  81  6:39  Spine Crawler  
  93  6:47  Spine Crawler  
  93  6:49  Spine Crawler, Roach x3  
  93  6:51  Overlord x3  
  97  6:55  Lurker Den  
  97  6:56  Zerg Missile Weapons Level 2  
  94  7:10  Roach  
  94  7:11  Roach x7  
  97  7:26  Zergling x6  
  100  7:39  Ravager x2  
  100  7:43  Ravager  
  103  7:49  Drone x6  
  109  7:51  Extractor  
  109  7:52  Extractor  
  105  8:07  Roach x3  
  105  8:08  Roach x3  
  105  8:12  Overlord  
  117  8:16  Zerg Ground Armor Level 2  
  117  8:19  Hatchery  
  89  8:42  Infestation Pit  
  89  8:43  Muscular Augments  
  89  8:47  Drone x5  
  89  8:48  Drone x2  
  95  8:59  Hatchery  
  94  9:05  Roach x9  
  112  9:27  Hydralisk x4  
  112  9:28  Hydralisk  
  122  9:31  Pathogen Glands  
  122  9:33  Hive  
  122  9:36  Drone x3  
  125  9:49  Roach  
  125  9:50  Roach x4  
  125  9:51  Overlord x2  
  125  9:52  Overlord x5  
  135  9:57  Pneumatized Carapace  
  132  10:31  Roach x13  
  132  10:32  Roach x5  
  158  10:40  Roach x3  
  153  10:45  Ravager  
  153  10:46  Ravager x2  
  153  10:47  Ravager  
  153  10:49  Lurker  
  159  10:50  Lurker  
  159  10:57  Zergling x2  
  159  10:58  Zergling x16  
  168  11:06  Drone  
  168  11:07  Drone x3  
Show
View Real Time Build Order
Export as new Build Order

Isotone Protoss 

Build Orders: Forge Fast Expand (FFE) 

Get SALT Encoding   

  12  0:00  Probe  
  13  0:12  Probe  
  14  0:20  Pylon  
  14  0:25  Probe  
  15  0:38  Probe  
  16  0:44  Forge  
  16  0:51  Probe  
  17  1:03  Probe  
  18  1:16  Nexus  
  18  1:19  Probe  
  19  1:31  Pylon, Probe  
  20  1:36  Assimilator  
  20  1:43  Probe  
  21  1:51  Gateway  
  21  1:54  Pylon  
  21  1:56  Probe  
  22  2:06  Assimilator  
  23  2:08  Probe  
  23  2:18  Photon Cannon  
  23  2:20  Probe  
  24  2:32  Probe  
  25  2:38  Probe  
  26  2:44  Probe  
  26  2:45  Cybernetics Core  
  26  2:50  Probe  
  28  2:51  Zealot  
  28  2:56  Probe  
  26  3:13  Probe x2  
  28  3:25  Probe  
  28  3:26  Robotics Facility  
  29  3:29  Probe  
  30  3:37  Probe, Gateway  
  30  3:39  Gateway  
  31  3:43  Probe  
  32  3:49  Stalker  
  32  3:52  Probe  
  32  3:55  Probe  
  36  4:06  Probe  
  36  4:08  Warp Gate  
  37  4:18  Probe  
  37  4:19  Immortal  
  37  4:20  Protoss Ground Weapons Level 1, Sentry  
  37  4:23  Pylon  
  44  4:30  Probe  
  45  4:33  Assimilator  
  45  4:37  Sentry  
  45  4:38  Stalker  
  49  4:40  Probe  
  50  4:47  Probe  
  50  4:52  Probe  
  52  4:53  Assimilator  
  52  4:56  Pylon  
  52  4:59  Probe  
  54  5:07  Pylon, Probe  
  54  5:11  Probe  
  59  5:14  Immortal  
  59  5:22  Probe  
  59  5:23  Probe  
  61  5:34  Probe  
  61  5:35  Pylon  
  62  5:41  Probe  
  63  5:47  Probe, Gateway  
  63  5:49  Gateway  
  64  5:51  Gateway  
  64  5:53  Gateway  
  64  5:54  Probe  
  65  5:57  Sentry  
  65  5:58  Sentry x2  
  65  5:59  Probe  
  71  6:20  Probe x2  
  73  6:26  Zealot x3  
  79  6:47  Probe x2  
  79  6:50  Stalker x2  
  85  6:54  Nexus  
  85  6:57  Pylon x2  
  85  6:59  Probe  
  86  7:01  Protoss Ground Armor Level 1  
  60  7:31  Stalker  
  60  7:32  Stalker x5  
  60  7:33  Stalker  
  74  7:37  Probe x2, Immortal  
  76  7:55  Robotics Bay  
  76  8:05  Sentry x3  
  76  8:06  Sentry x2  
  76  8:07  Stalker x2  
  87  8:19  Pylon  
  87  8:22  Pylon  
  81  8:37  Probe  
  81  8:40  Probe  
  87  8:43  Extended Thermal Lance  
  87  8:44  Pylon  
  87  8:47  Pylon  
  87  8:49  Probe  
  87  8:51  Colossus  
  87  8:52  Probe  
  87  8:54  Zealot  
  93  9:01  Probe  
  94  9:07  Pylon  
  94  9:09  Pylon  
  94  9:10  Nexus  
  94  9:17  Pylon, Stalker  
  94  9:18  Stalker x3  
  94  9:22  Gateway  
  94  9:23  Pylon x2  
  102  9:26  Gateway  
  102  9:28  Pylon  
  102  9:39  Robotics Facility  
  102  9:42  Robotics Facility  
  102  9:46  Colossus  
  108  9:53  Stalker x2  
  108  9:54  Stalker x3  
  108  9:55  Stalker  
  120  10:05  Twilight Council  
  120  10:11  Zealot  
  122  10:28  Probe x2  
  123  10:29  Probe  
  123  10:30  Nexus  
  115  10:39  Colossus  
  105  10:43  Pylon  
  105  10:45  Pylon  
  105  10:46  Probe x3  
  108  10:55  Stalker x2  
  108  10:56  Stalker x2  
  116  11:00  Probe x2  
  118  11:05  Assimilator  
  118  11:11  Pylon  
  118  11:15  Sentry x3  
  96  11:30  Zealot x2  
  96  11:31  Zealot x2  
Tags
 
Add a new tag
Caveats
  • Supply blocks, unpowered buildings, or Contaminate may cause inaccurate times.
  • Supply counts are checked every 10 seconds.